 Dungeon Crawl Stone Soup version 0.30-a0-782-ge64f9170bb (webtiles) character file.

Game seed: 2606112573231788705

277 senseless the Sneak (level 6, -1/43 HPs)
             Began as an Octopode Delver on Feb 24, 2023.
             Slain by a centaur
             ... wielding a +0 hand axe
              (10 damage)
             ... on level 5 of the Dungeon.
             The game lasted 00:02:59 (772 turns).

senseless the Sneak (Octopode Delver)                Turns: 772, Time: 00:02:59

Health: -1/43      AC:  1    Str: 12    XL:     6   Next: 26%
Magic:  6/6        EV: 14    Int: 12    God:
Gold:   43         SH:  0    Dex: 15    Spells: 5/5 levels left

rFire   . . .      SeeInvis .    a - +0 falchion
rCold   . . .      Faith    .    (no shield)
rNeg    . . .      Spirit   .    (helmet restricted)
rPois   .          Reflect  .    (no amulet)
rElec   .          Harm     .    (no ring)
rCorr   .          Rampage  .    (no ring)
Will    .....                    (no ring)
Stlth   +++++                    (no ring)
HPRegen 0.27/turn                (no ring)
MPRegen 0.10/turn                (no ring)
                                 (no ring)
                                 (no ring)

@: no status effects
A: almost no armour, amphibious, 8 rings, camouflage 1, gelatinous body 1,
(nimble swimmer 1), tentacles
a: no special abilities


You were on level 5 of the Dungeon.
You visited 1 branch of the dungeon, and saw 1 of its levels.

You collected 43 gold pieces.

Inventory:

Hand Weapons
 a - a +0 falchion (weapon)
Wands
 f - a wand of digging (3)
Scrolls
 b - a scroll of fog
 c - a scroll of magic mapping
 d - a scroll of fear
 h - a scroll of identify {unknown}
 i - a scroll of teleportation {unknown}
Potions
 g - 2 potions of heal wounds {unknown}


   Skills:
 + Level 4.2 Fighting
 + Level 3.5 Long Blades
 + Level 3.5 Dodging
 + Level 7.9 Stealth


You had 5 spell levels left.
You didn't know any spells.
Your spell library contained the following spells:

 Spells                   Type           Power      Damage    Failure   Level
 Frozen Ramparts          Ice            0%         1d1       69%         3
 Ice Form                 Ice/Tmut       0%         N/A       97%         4
 Summon Ice Beast         Ice/Summ       0%         N/A       97%         4


Dungeon Overview and Level Annotations

Branches:
Dungeon (5/15)
 Temple: D:4-7

Altars:
Vehumet

Annotations:
D:5 Dowan, Duvessa


Innate Abilities, Weirdness & Mutations

You cannot wear most types of armour.
You are amphibious.
You can wear up to eight rings at the same time.
Your skin changes colour to match your surroundings (Stealth+).
Your rubbery body absorbs attacks. (AC +1, EV +1)
((You are camouflaged when in or above water. (Stealth+)))
You have tentacles for arms and can constrict up to eight enemies at once.


Message History

The white imp moves out of view.
There is an open door here.
You start resting.
A white imp is nearby!
You hit the white imp. You grab the white imp.
The white imp is heavily wounded.
You constrict the white imp. The white imp hits you. The white imp freezes you.
You barely miss the white imp.
The white imp is severely wounded.
You constrict the white imp. The white imp closely misses you.
You completely miss the white imp.
The white imp is almost dead.
You constrict the white imp.
You kill the white imp!
A centaur comes into view.
It is wielding a +0 hand axe and quivering poisoned darts.
You closely miss the centaur. You squeeze the centaur.
The centaur is lightly wounded.
The centaur closely misses you. The centaur kicks you.
The centaur completely misses you. The centaur kicks you.
You hit the centaur. You squeeze the centaur!
The centaur is moderately wounded.
The centaur misses you. The centaur kicks you.
You barely miss the centaur.
The centaur is moderately wounded.
The centaur barely misses you. x2; The centaur misses you.
The centaur kicks you but does no damage.
You hit the centaur.
The centaur is severely wounded.
The centaur hits you with a +0 hand axe!
The centaur misses you.
The centaur hits you with a +0 hand axe!
* * * LOW HITPOINT WARNING * * *
The centaur barely misses you.
You hit the centaur but do no damage.
The centaur is severely wounded.
The centaur misses you. x2
You hit the centaur. You squeeze the centaur.
The centaur is almost dead.
The centaur hits you with a +0 hand axe!
You die...

...#..#.#.# ###### #.##.##.#
#'###'###'###....# #.##.##.#
.#.......#..#....# #.......#
.#.......#.)#....# ####.####
.'###'###'..'....# #.#
.#.'[..'.#..#....# #.#
.#.#...#.#..#..### #.#
#'.#._.#.'##'.##### #o#
.#.#...#.#..#...@.# #.#
.#.+...'.#..#####c### #e#
.+###'###'..'..................#
.#.......#..#.....###.##.##..#.#
.#.......#..#.....# # #.# ....
#'###'###+###..#.## #.. #.#
#......#.......#.# #o# #
###########.##.#.# ..e .....#
#......# ...


You could see a centaur.

Vanquished Creatures
  A black bear (D:5)
  A centaur (D:5)
  2 hounds (D:5)
  An iguana (D:5)
  An adder (D:5)
  A white imp (D:5)
  An ufetubus (D:5)
8 creatures vanquished.

Notes
Turn   | Place    | Note
-------+----------+-------------------------------------------
     0 | D:5      | senseless the Octopode Delver began the quest for the Orb.
     0 | D:5      | Reached XP level 1. HP: 16/16 MP: 1/1
    10 | D:5      | Noticed a hound
    18 | D:5      | Killed a hound
    19 | D:5      | Reached XP level 2. HP: 8/21 MP: 2/2
    19 | D:5      | Reached XP level 3. HP: 10/26 MP: 3/3
    98 | D:5      | Noticed a centaur
   108 | D:5      | HP: 1/26 [centaur (3)]
   109 | D:5      | Killed a centaur
   110 | D:5      | Reached skill level 7 in Stealth
   110 | D:5      | Reached XP level 4. HP: 2/33 MP: 4/4
   296 | D:5      | Noticed a black bear
   338 | D:5      | Found a radiant altar of Vehumet.
   341 | D:5      | Identified the +0 helmet of Qaczyid {Int+6}
   367 | D:5      | Reached XP level 5. HP: 27/37 MP: 5/5
   559 | D:5      | Killed a black bear
   560 | D:5      | Reached XP level 6. HP: 21/43 MP: 6/6
   662 | D:5      | Noticed Duvessa
   668 | D:5      | Noticed Dowan
   772 | D:5      | Slain by a centaur

Illustrated notes

Levels and vault maps discovered:
D:5:      layout_loops_cross, mainiacjoe_overflow_24_doors, grunt_ministairs_15,
          uniq_duvessa

Skill      XL: |  1  2  3  4  5 |
---------------+----------------+-----
Stealth        | 7 |  7.9
Long Blades    | 3 |  3.5
Dodging        | 3 |  3.5
Fighting       | 4 |  4.2

Action                     |  1- 3 |  4- 6 || total
---------------------------+-------+-------++-------
  Melee: Falchion          |    14 |    28 ||    42
         Constrict         |     1 |     5 ||     6
         Tentacles         |     1 |     8 ||     9
    Use: Scroll            |       |     1 ||     1
         Potion            |       |     1 ||     1
   Stab: Sleeping          |     2 |       ||     2
         Distracted        |       |     1 ||     1
 Armour: Skin              |     4 |     4 ||     8
  Dodge: Dodged            |    16 |    38 ||    54

Table legend: (Time is in decaauts)
 A = Elapsed time spent in this place.
 B = Non-inter-level travel time spent in this place.
 C = Inter-level travel time spent in this place.
 D = Time resting spent in this place.
 E = Time spent auto-exploring this place.
 F = Levels seen in this place.
 G = Mean time per level.
                   A        B        C        D        E       F      G
               +--------+--------+--------+--------+--------+-----+--------+
         Total |    764 |    756 |      8 |     44 |    510 |   1 |  764.0 |
       Dungeon |    764 |    756 |      8 |     44 |    510 |   1 |  764.0 |
               +--------+--------+--------+--------+--------+-----+--------+

Top non-repeatable levels by time:
     D:5: 764 daAuts
